 Dungeon Crawl Stone Soup version 0.30-b1-2-g02819fbbbe (webtiles) character file.

Game seed: 11960777703830057918

39 prikolics the Grasshopper (level 3, 0/32 HPs)
             Began as a Naga Warper on Aug 11, 2023.
             Slain by a goblin
             ... wielding a +0 club
             ... led by Robin
              (1 damage)
             ... on level 2 of the Dungeon.
             The game lasted 00:05:02 (1092 turns).

prikolics the Grasshopper (Naga Warper)             Turns: 1092, Time: 00:05:03

Health: 0/32       AC:  2    Str: 13    XL:     3   Next: 47%
Magic:  2/6        EV:  9    Int: 15    God:
Gold:   33         SH:  0    Dex: 10    Spells: 4/6 levels left

rFire   . . .        a - +0 spear
rCold   . . .        (no shield)
rNeg    . . .        b - +0 leather armour
rPois   +            (no helmet)
rElec   .            (no cloak)
rCorr   .            (no gloves)
SInv    +            (no barding)
Will    .....        (no amulet)
Stlth   +            (no ring)
HPRegen 0.25/turn    (no ring)
MPRegen 0.10/turn

%: no passive effects
@: short of breath, on blink cooldown, very slow
A: AC +1, large, see invisible, deformed body, poison resistance, slowness 2,
spit poison 1, naga tail 1
a: Spit Poison


You were on level 2 of the Dungeon.
You visited 1 branch of the dungeon, and saw 2 of its levels.

You collected 33 gold pieces.

Inventory:

Hand Weapons
 a - a +0 spear (weapon)
Missiles
 d - 5 boomerangs of dispersal
 j - 9 stones
 k - 2 poisoned darts (quivered)
Armour
 b - a +0 leather armour (worn)
Scrolls
 c - a scroll of blinking
 e - a scroll of silence {unknown}
 f - 2 scrolls of poison {unknown}
 l - 2 scrolls of teleportation {unknown}
Potions
 g - a potion of curing
 h - a potion of brilliance {unknown}
 i - a potion of mutation {unknown}


   Skills:
 + Level 2.1 Fighting
 + Level 2.3 Polearms
 + Level 1.0 Throwing
 - Level 1.0 Armour
 + Level 1.8 Dodging
 * Level 0.7 Stealth
 + Level 2.2 Spellcasting
 * Level 3.4 Translocations


You had 4 spell levels left.
You knew the following spells:

 Your Spells              Type           Power      Damage    Failure   Level
a - Blink                 Tloc           24%        N/A       10%         2

Your spell library contained the following spells:

 Spells                   Type           Power      Damage    Failure   Level
 Lesser Beckoning         Tloc           24%        N/A       10%         2
 Teleport Other           Tloc           12%        N/A       21%         3
 Vhi's Electric Charge    Tloc/Air       12%        N/A       38%         3
 Manifold Assault         Tloc           12%        N/A       54%         4


Dungeon Overview and Level Annotations

Branches:
Dungeon (2/15)

Altars:

Annotations:
D:2 Robin


Innate Abilities, Weirdness & Mutations

Your serpentine skin is tough. (AC +1)
You have supernaturally acute eyesight. (SInv)
Armour fits poorly on your strangely shaped body.
Your system is resistant to poisons. (rPois)
You cover ground very slowly.
You can spit poison.
You have a snake-like lower body.


Message History

Confirm with . or Enter, or press ? or * to list all spells.
You blink. 2 goblins come into view.
The goblin no longer looks unusually strong.
The hobgoblin no longer looks unusually strong.
The goblin no longer looks unusually strong.
The hobgoblin no longer looks unusually strong.
The hobgoblin looks more healthy.
The hobgoblin hits you.
* * * LOW HITPOINT WARNING * * *
The goblin closely misses you. The hobgoblin hits you.
* * * LOW HITPOINT WARNING * * *
The goblin completely misses you. The goblin attacks as you move away!
The goblin hits you with a +0 club.
* * * LOW HITPOINT WARNING * * *
You have got your breath back.
Aiming: Spit Poison (2% risk of failure)
Press: ? - help, Shift-Dir - straight line, f - goblin, p - hobgoblin
Aim: a goblin, wielding a +0 club (strong, 50% to hit)
The splash of poison misses the goblin.
The splash of poison misses the hobgoblin.
The splash of poison hits the hobgoblin.
The hobgoblin is almost dead.
Robin throws the goblin at you! The goblin hits you with a +0 club.
* * * LOW HITPOINT WARNING * * *
The goblin hits you with a +0 club.
* * * LOW HITPOINT WARNING * * *
You feel better.
You feel stable enough to blink again. The goblin hits you with a +0 club.
* * * LOW HITPOINT WARNING * * *
The goblin barely misses you.
Casting: Blink (safe; 10% risk of failure)
Confirm with . or Enter, or press ? or * to list all spells.
You blink.
Robin roars a battlecry!
The goblins go into a battle-frenzy!
The hobgoblin barely misses you. The hobgoblin hits you.
* * * LOW HITPOINT WARNING * * *
The goblin hits you with a +0 club.
You die...

#........###
#....##.......# .
####.##..#..... ..
#..##..##.##. ..#
##..##..# ..# # ..
..g##.## ..
....#!###g##.# #
#.[..g.ggg.## ..#
###.###gg@..####.....
# #ggg...)........
#g##.#######...# #g
#.# . .g #.# ... ..#
#... ... #g #..#


You could see Robin, 4 hobgoblins and 7 goblins.

Vanquished Creatures
  A gnoll (D:1)
  A dart slug (D:1)
  4 endoplasms (D:1)
  3 giant cockroaches
  4 goblins
  2 hobgoblins (D:1)
  A quokka (D:1)
  5 ball pythons
  2 bats (D:1)
  A frilled lizard (D:1)
  A kobold (D:1)
25 creatures vanquished.

Notes
Turn   | Place    | Note
-------+----------+-------------------------------------------
     0 | D:1      | prikolics the Naga Warper began the quest for the Orb.
     0 | D:1      | Reached XP level 1. HP: 19/19 MP: 3/3
    89 | D:1      | Reached skill level 1 in Armour
   195 | D:1      | Reached XP level 2. HP: 26/26 MP: 5/5
   405 | D:1      | Reached XP level 3. HP: 32/32 MP: 6/6
   408 | D:1      | Learned a level 2 spell: Blink
   444 | D:1      | Found a faded altar of an unknown god.
   479 | D:1      | Reached skill level 1 in Throwing
  1071 | D:2      | Noticed Robin
  1090 | D:2      | HP: 1/32 [goblin/+0 club[Robin] (3)]
  1092 | D:2      | Slain by a goblin

Illustrated notes

Levels and vault maps discovered:
D:1:      zelgadis_glass_arrival_small, layout_basic,
          hellmonk_ecumenical_altar_inner_sanctum
D:2:      layout_rooms, minmay_misc_feat_pillars, uniq_robin

Skill      XL: |  1  2  3 |
---------------+----------+-----
Armour         | 1 |  1.0
Throwing       | 1 |  1.0
Fighting       | |  2.1
Polearms       | |  2.3
Dodging        | |  1.8
Stealth        | |  0.7
Spellcasting   | |  2.2
Translocations | |  3.4

Action                     || total
---------------------------++-------
  Melee: Spear             ||    49
  Throw: Stone             ||     5
         Boomerang         ||     2
   Cast: Blink             ||     2
Ability: Spit Poison       ||    16
    Use: Potion            ||     2
   Stab: Sleeping          ||     2
 Armour: Leather armour    ||    12
  Dodge: Dodged            ||    24
